 Dungeon Crawl Stone Soup version 0.19.5 (webtiles) character file.

5172 Scud the Covert (level 10, -4/51 HPs)
             Began as a Vine Stalker Assassin on Mar 16, 2017.
             Was a Believer of Dithmenos.
             Slain by Lizzreth's ghost (22 damage)
             ... on level 10 of the Dungeon.
             The game lasted 00:55:07 (7686 turns).

Scud the Covert (Vine Stalker Assassin)             Turns: 7686, Time: 00:55:08

Health: -4/51      AC:  8    Str: 14    XL:     10   Next: 59%
Magic:  0/11       EV: 21    Int: 11    God:    Dithmenos [**....]
Gold:   459        SH:  0    Dex: 19    Spells: 0 memorised, 9 levels left

rFire  . . .     SeeInvis .     r - +3 short sword (speed)
rCold  . . .     Gourm    .     c - +0 robe
rNeg   . . .     Faith    .     (no shield)
rPois  .         Spirit   +     (no helmet)
rElec  .         Reflect  .     d - +0 cloak
rCorr  .         Harm     .     m - +2 pair of gloves
MR     ++...                    l - +1 pair of boots
Stlth  ++++++....               (no amulet)
                                A - +5 ring of evasion
                                H - ring of protection from magic

@: wreathed by umbra
A: fangs 3, regeneration 1, magic shield, antimagic bite, no device heal 3, rot
immunity
a: Shadow Step, Renounce Religion


You were on level 10 of the Dungeon.
You worshipped Dithmenos.
Dithmenos was pleased with you.
You were not hungry.

You visited 2 branches of the dungeon, and saw 11 of its levels.

You collected 459 gold pieces.

Inventory:

Hand Weapons
 a - a +2 dagger
 b - a +0 blowgun
 j - a +2 dagger of venom
 r - a +3 short sword of speed (weapon)
 L - a +1 antimagic dagger
Missiles
 e - 47 poisoned needles
 f - 7 curare-tipped needles
Armour
 c - a +0 robe (worn)
 d - a +0 cloak (worn)
 l - a +1 pair of boots (worn)
 m - a +2 pair of gloves (worn)
 C - a +2 pair of gloves
 E - a +2 pair of gloves
Jewellery
 s - a +3 ring of intelligence
 y - an uncursed ring of wizardry
 A - a +5 ring of evasion (right hand)
 G - an uncursed ring of fire
 H - a ring of protection from magic (left hand)
Wands
 o - a wand of teleportation (8/9)
 v - a wand of flame (24/48)
 B - a wand of disintegration (18/24)
 J - a wand of confusion (25/48)
Scrolls
 i - 2 scrolls of remove curse
 n - 3 scrolls of magic mapping
 q - a scroll of noise
 t - 2 scrolls of amnesia
 w - a scroll of torment
 K - a scroll of teleportation
 O - 2 scrolls of identify
 Q - 2 scrolls of recharging
Potions
 h - 2 potions of might
 k - 3 potions of heal wounds {unknown}
 z - a potion of agility
 D - a potion of cure mutation
 F - 2 potions of brilliance
 I - a potion of curing
Books
 N - a book of Minor Magic

   Spells                             Type                      Level
   a - Magic Dart                     Conjuration                  1
   b - Blink                          Translocation                2
   c - Call Imp                       Summoning                    2
   d - Repel Missiles                 Charms/Air                   2
   e - Slow                           Hexes                        2
   f - Conjure Flame                  Conjuration/Fire             3
   g - Mephitic Cloud                 Conjuration/Poison/Air       3
Comestibles
 g - 3 bread rations
 p - 7 fruits
 u - 8 beef jerkies
 x - a meat ration
 M - a royal jelly


   Skills:
 + Level 5.3 Fighting
 + Level 9.0 Short Blades
 + Level 3.3 Throwing
 + Level 5.1 Dodging
 + Level 11.3 Stealth


You had 9 spell levels left.
You didn't know any spells.

Dungeon Overview and Level Annotations

Branches:
Dungeon (10/15)            Temple (1/1) D:7            Lair (0/6) D:10
    Orc: D:9-12

Altars:
Ashenzari
Cheibriados
Dithmenos
Elyvilon
Fedhas
Gozag
Hepliaklqana
Kikubaaqudgha
Makhleb
Nemelex Xobeh
Okawaru
Qazlal
Ru
Sif Muna
Trog
Uskayaw
Vehumet
Xom
Yredelemnul
Zin
The Shining One

Annotations:
D:9 1 runed door
D:10 Lizzreth's ghost, journeyman TrMo


Innate Abilities, Weirdness & Mutations

You have razor-sharp teeth.
Your natural rate of healing is unusually fast.
When hurt, damage is shared between your health and your magic reserves.
Your bite disrupts and absorbs the magic of your enemies.
Potions and wands cannot restore your health.
You are immune to rotting.


Message History

The worker ant is almost dead.
The worker ant completely misses you.
You hit the worker ant.
You kill the worker ant!
Dithmenos accepts your kill.
You start resting.
Magic restored.
You start resting.
HP restored.
You climb downwards.
Level annotation: Lizzreth's ghost, journeyman TrMo Lizzreth's ghost hits you!!!
Ouch! That really hurt!
There is a stone staircase leading up, spattered with blood here.
Press: ? - help, v - describe, . - travel
Here: Lizzreth's ghost (umbra)
The floor.
You can't go down here!
Lizzreth's ghost hits you!!
You die...

...#.......##.....##.......
...#.......###...###.......
. #.......................
#..................<....
#.......................
#.>.....#####...[.######
#........#..............
#........#..............
#.....W@.#..............
#........#..............
##########....##########
............# ............#
............# ............#
...########## ..


You could see Lizzreth's ghost.

Vanquished Creatures
  A troll (D:10)
  Grinder (D:4)
  2 hippogriffs (D:9)
  A wyvern (D:9)
  2 hungry ghosts
  2 wargs (D:10)
  A water moccasin (D:9)
  An ice beast (D:7)
  A sky beast (D:7)
  An orc warrior (D:10)
  7 ogres
  2 black bears (D:8)
  2 phantoms
  A centaur (D:7)
  4 big kobolds (D:4)
  3 bullfrogs
  3 scorpions
  5 wights (D:9)
  5 killer bees (D:9)
  A howler monkey (D:8)
  2 crimson imps
  2 centaur zombies
  A quasit (D:10)
  An orc priest (D:9)
  A jelly (D:10)
  2 centaur skeletons
  5 hounds
  3 orc wizards
  Terence (D:3)
  4 worker ants
  2 iguanas (D:9)
  A killer bee zombie (D:7)
  A worker ant zombie (D:7)
  6 gnolls (D:4)
  8 adders
  A shadow imp (D:9)
  2 oozes
  An adder zombie (D:7)
  An adder skeleton (D:4)
  A worm (D:4)
  A dart slug (D:2)
  4 leopard geckos
  12 orcs
  3 ball pythons (D:1)
  3 bats (D:3)
  6 giant cockroaches
  29 goblins
  23 hobgoblins
  6 jackals
  12 kobolds
  3 quokkas
  3 frilled lizards
  A jackal skeleton (D:7)
  A quokka skeleton (D:9)
  6 rats
205 creatures vanquished.

Vanquished Creatures (collateral kills)
  A big kobold (D:7)
1 creature vanquished.

Grand Total: 206 creatures vanquished

Notes
Turn   | Place    | Note
-------+----------+-------------------------------------------
     0 | D:1      | Scud the Vine Stalker Assassin began the quest for the Orb.
     0 | D:1      | Reached XP level 1. HP: 11/11 MP: 2/2
   192 | D:1      | Reached skill level 5 in Stealth
   387 | D:1      | Reached XP level 2. HP: 15/15 MP: 3/3
  1451 | D:2      | Reached XP level 3. HP: 16/18 MP: 4/4
  1958 | D:3      | Reached skill level 6 in Stealth
  2277 | D:3      | Reached skill level 1 in Dodging
  2284 | D:3      | Gained mutation: Your natural rate of healing is unusually fast. [Vine Stalker growth]
  2284 | D:3      | Reached XP level 4. HP: 23/23 MP: 5/5
  2584 | D:3      | Noticed Terence
  2601 | D:3      | Killed Terence
  2715 | D:4      | Noticed an ogre
  2732 | D:4      | Killed an ogre
  2732 | D:4      | Reached XP level 5. HP: 6/27 MP: 1/6
  2832 | D:4      | Reached XP level 6. HP: 32/32 MP: 7/7
  2910 | D:4      | Noticed Grinder
  2926 | D:4      | Killed Grinder
  2926 | D:4      | Reached skill level 7 in Stealth
  2926 | D:4      | Reached XP level 7. HP: 20/35 MP: 6/8
  3554 | D:4      | Gained mutation: You have razor-sharp teeth. [Vine Stalker growth]
  3554 | D:4      | Reached XP level 8. HP: 30/40 MP: 9/9
  3782 | D:4      | Reached skill level 5 in Short Blades
  3949 | D:5      | Entered Level 5 of the Dungeon
  4231 | D:5      | Reached skill level 8 in Stealth
  4685 | D:6      | You fall through a shaft!
  4854 | D:7      | Found a staircase to the Ecumenical Temple.
  4862 | Temple   | Entered the Ecumenical Temple
  4992 | Temple   | Became a worshipper of Dithmenos the Shadowed
  5093 | D:7      | Reached XP level 9. HP: 45/45 MP: 10/10
  5202 | D:7      | Reached skill level 9 in Stealth
  6264 | D:9      | Reached skill level 10 in Stealth
  6325 | D:9      | Reached * piety under Dithmenos
  6423 | D:9      | Reached XP level 10. HP: 47/51 MP: 9/11
  6547 | D:9      | Reached skill level 5 in Fighting
  6702 | D:9      | Reached skill level 11 in Stealth
  6855 | D:9      | Found a glowing golden altar of the Shining One.
  6856 | D:9      | Found a runed door.
  6856 | D:9      | Noticed an angel
  7287 | D:10     | Entered Level 10 of the Dungeon
  7328 | D:10     | Found a bloodstained altar of Trog.
  7359 | D:10     | Found a staircase to the Lair.
  7394 | D:10     | Reached ** piety under Dithmenos
  7394 | D:10     | Reached skill level 5 in Dodging
  7582 | D:10     | Noticed Lizzreth's ghost (journeyman TrMo)
  7686 | D:10     | Slain by Lizzreth's ghost

Skill      XL: |  1  2  3  4  5  6  7  8  9 10 |
---------------+-------------------------------+-----
Stealth        | 5 6 7 8 10 11 | 11.3
Fighting       | 2 3 4 5 |  5.3
Short Blades   | 2 3 4 6 8 9 |  9.0
Dodging        | 1 2 3 4 5 |  5.1
Throwing       | 2 3 |  3.3

Action                   |  1- 3 |  4- 6 |  7- 9 | 10-12 || total
-------------------------+-------+-------+-------+-------++-------
Melee: Dagger            |    65 |    44 |   232 |     2 ||   343
       Bite              |    15 |    14 |   145 |    79 ||   253
       Short sword       |       |       |   214 |   211 ||   425
 Fire: Blowgun           |       |    10 |       |       ||    10
  Use: Scroll            |     4 |     1 |    14 |     1 ||    20
       Potion            |     3 |       |     3 |       ||     6
 Stab: Sleeping          |     7 |     6 |    17 |     5 ||    35
  Eat: Chunk             |     2 |     2 |     8 |       ||    12
       Royal jelly       |     1 |       |       |       ||     1
       Bread ration      |       |       |     2 |     1 ||     3
Armor: Robe              |    11 |    17 |    69 |    26 ||   123
Dodge: Dodged            |    37 |    21 |   237 |   144 ||   439
